 Dungeon Crawl Stone Soup version 0.31-a0-1616-gbeaec30 (webtiles) character file.

Game seed: 12169222623439369909

792 Dorkslayer the Slasher (level 7, -2/48 HPs)
             Began as an Octopode Fighter on Jan 10, 2024.
             Killed from afar by Sigmund (11 damage)
             ... with a puff of flame
             ... on level 4 of the Dungeon.
             The game lasted 00:08:30 (2861 turns).

Dorkslayer the Slasher (Octopode Fighter)           Turns: 2861, Time: 00:08:30

Health: -2/48      AC:  1    Str: 15    XL:     7   Next: 88%
Magic:  7/7        EV: 13    Int: 10    God:
Gold:   116        SH:  0    Dex: 14    Spells: 6/6 levels left

rFire   . . .        a - +0 long sword
rCold   . . .        j - +0 kite shield
rNeg    . . .        (helmet restricted)
rPois   .            (no amulet)
rElec   .            (no ring)
rCorr   .            (no ring)
SInv    .            (no ring)
Will    .....        (no ring)
Stlth   ++           (no ring)
HPRegen 0.28/turn    (no ring)
MPRegen 0.10/turn    (no ring)
                     (no ring)

%: no passive effects
@: confused, mighty
A: almost no armour, amphibious, 8 rings, camouflage 1, gelatinous body 1,
(nimble swimmer 1), tentacles
a: no special abilities


You were on level 4 of the Dungeon.
You visited 1 branch of the dungeon, and saw 4 of its levels.

You collected 116 gold pieces.

Inventory:

Hand Weapons
 a - a +0 long sword (weapon)
Armour
 j - a +0 kite shield (worn)
Talismans
 g - a serpent talisman
Scrolls
 b - a scroll of immolation
 i - 2 scrolls of teleportation


   Skills:
 + Level 4.0 Fighting
 + Level 5.1 Long Blades
 * Level 4.6 Dodging
 + Level 4.1 Stealth
 + Level 4.0 Shields
 * Level 0.6 Unarmed Combat
 * Level 2.6 Shapeshifting


You had 6 spell levels left.
You didn't know any spells.
Your spell library contained the following spells:

 Spells                   Type           Power      Damage    Failure   Level
 Slow                     Hex            0%         N/A       75%         1
 Jinxbite                 Hex            0%         N/A       86%         2
 Confusing Touch          Hex            0%         N/A       98%         3
 Dazzling Flash           Conj/Hex       0%         N/A       98%         3
 Gell's Gravitas          Tloc           0%         N/A       98%         3
 Mephitic Cloud           Conj/Alch/Air  0%         N/A       98%         3
 Sigil of Binding         Hex            0%         N/A       98%         3
 Teleport Other           Tloc           0%         N/A       98%         3
 Vampiric Draining        Necr           0%         2d6       98%         3
 Curse of Agony           Necr           0%         N/A       100%        5
 Silence                  Hex/Air        0%         N/A       100%        5
 Yara's Violent Unravell  Hex/Alch       0%         3d3       100%        5
 Dispersal                Tloc           0%         N/A       100%        6
 Enfeeble                 Hex            0%         N/A       100%        7


Dungeon Overview and Level Annotations

Branches:
Dungeon (4/15)
 Temple: D:4-7

Altars:
Hepliaklqana
Makhleb
Uskayaw

Shops:
D:3 (

Annotations:
D:4 Sigmund


Innate Abilities, Weirdness & Mutations

You cannot wear most types of armour.
You are amphibious.
You can wear up to eight rings at the same time.
Your skin changes colour to match your surroundings (Stealth+).
Your rubbery body absorbs attacks. (AC +1, EV +1)
((You are camouflaged when in or above water. (Stealth+)))
You have tentacles for arms and can constrict up to eight enemies at once.


Message History

A puff of flame appears from out of thin air!
The puff of flame hits you!
You see here a ring of fire.
As you read the scroll of fear, it crumbles to dust.
You assume a fearsome visage.
Nothing appears to happen.
You hear some strange, mumbled words.
Something tries to affect you, but you resist.
As you read the scroll of fog, it dissolves into smoke.
Something hits you but does no damage.
You closely miss something. You squeeze something. Something hits you.
You slash something!
You hear some strange, mumbled words.
A magic dart appears from out of thin air!
The magic dart hits you.
You hit something.
You hear some strange, mumbled words.
A puff of flame appears from out of thin air!
The puff of flame hits you.
* * * LOW HITPOINT WARNING * * *
You slash something!
You hear some strange, mumbled words.
You are confused.
You completely miss something. Your squeeze misses something.
You hear some strange, mumbled words.
Something tries to affect you, but you resist.
Something hits you.
* * * LOW HITPOINT WARNING * * *
You feel very mighty all of a sudden.
You hear some strange, mumbled words.
A puff of flame appears from out of thin air!
The puff of flame hits you.
* * * LOW HITPOINT WARNING * * *
You bump into the stone wall.
You hear some strange, mumbled words.
Something tries to affect you, but you resist.
You bump into the stone wall.
You hear some strange, mumbled words.
A puff of flame appears from out of thin air!
The puff of flame hits you!
You die...

###### #### ....# ....
#.#.#
####..##########.#.#
......).§{§@§§#....###
####..#######§.......#.
#.....# ###...##....
##.##.# ##)###....
#.##.# ####># #....
##.##.# #....# #.# #
#...#.####.#### #.#
#.<......#.#.####.#
#...#.##.#..).....####.#


There were no monsters in sight!

Vanquished Creatures
  Grinder (D:4)
  A black bear (D:4)
  2 ogres
  Blork the orc (D:4)
  The ghost of Caterwaul the Trooper, a weakling OnWr (D:3)
  A hound (D:4)
  Jessica (D:3)
  Robin (D:4)
  3 gnolls (D:2)
  4 adders
  4 dart slugs
  A ribbon worm (D:3)
  2 orcs (D:3)
  3 ball pythons
  4 endoplasms
  10 hobgoblins
  10 jackals
  A quokka (D:3)
  4 bats
  2 frilled lizards (D:1)
  15 goblins
  4 kobolds
  A rat (D:3)
77 creatures vanquished.

Notes
Turn   | Place    | Note
-------+----------+-------------------------------------------
     0 | D:1      | Dorkslayer the Octopode Fighter began the quest for the
                  | Orb.
     0 | D:1      | Reached XP level 1. HP: 16/16 MP: 1/1
   213 | D:1      | Reached XP level 2. HP: 21/21 MP: 2/2
   421 | D:1      | Found a faded altar of an unknown god.
   600 | D:1      | Reached skill level 1 in Stealth
   906 | D:2      | Reached XP level 3. HP: 25/26 MP: 3/3
  1023 | D:2      | HP: 1/26 [frozen (1)]
  1244 | D:2      | Reached XP level 4. HP: 31/31 MP: 4/4
  2029 | D:3      | Reached skill level 3 in Long Blades
  2056 | D:3      | Found a burning altar of Makhleb.
  2188 | D:3      | Found Gimamegu's Weapon Emporium.
  2237 | D:3      | Found a hide-covered altar of Uskayaw.
  2307 | D:3      | Reached XP level 5. HP: 35/36 MP: 5/5
  2311 | D:3      | Reached skill level 1 in Shapeshifting
  2339 | D:3      | Found a hazy altar of Hepliaklqana.
  2352 | D:3      | Found a faded altar of an unknown god.
  2389 | D:3      | Noticed Jessica
  2396 | D:3      | Killed Jessica
  2446 | D:3      | Found a runed translucent door.
  2446 | D:3      | Noticed Caterwaul's ghost (weakling OnWr)
  2450 | D:3      | Noticed an ogre
  2459 | D:3      | Killed an ogre
  2460 | D:3      | Reached XP level 6. HP: 42/42 MP: 6/6
  2462 | D:3      | Killed Caterwaul's ghost
  2522 | D:4      | Noticed Robin
  2531 | D:4      | Noticed Grinder
  2539 | D:4      | Killed Robin
  2546 | D:4      | Killed Grinder
  2547 | D:4      | Reached skill level 4 in Long Blades
  2547 | D:4      | Reached XP level 7. HP: 19/47 MP: 7/7
  2738 | D:4      | Noticed Blork the orc
  2747 | D:4      | Killed Blork the orc
  2770 | D:4      | Reached skill level 5 in Long Blades
  2840 | D:4      | Noticed Sigmund
  2861 | D:4      | Killed from afar by Sigmund

Illustrated notes

Levels and vault maps discovered:
D:1:      nicolae_arrival_washed_ashore, layout_basic,
          ebering_ecumenical_altar_rust
D:2:      layout_basic
D:3:      cheibrodos_helix_gallery, layout_rooms,
          nicolae_uskayaw_murder_on_the_dancefloor,
          mainiacjoe_overflow_small_starburst,
          beargit_hepliaklqana_dungeon_heroes, serial_shops, shop,
          ebering_ghost_inner_flame, uniq_jessica
D:4:      layout_loops_ring, lemuel_zombie_altar_kikubaaqudgha,
          nicolae_sif_muna_little_library, uniq_sigmund, uniq_blork_the_orc,
          uniq_robin, uniq_grinder

Skill      XL: |  1  2  3  4  5  6  7 |
---------------+----------------------+-----
Stealth        | 1 2 3 4 |  4.1
Long Blades    | 3 4 5 |  5.1
Shapeshifting  | 1 2 |  2.6
Dodging        | 4 |  4.6
Fighting       | 4 |  4.0
Shields        | 4 |  4.0
Unarmed Combat | |  0.6

Action                     |  1- 3 |  4- 6 |  7- 9 || total
---------------------------+-------+-------+-------++-------
  Melee: Long sword        |    54 |   100 |    29 ||   183
         Tentacles         |    10 |    16 |     8 ||    34
         Constrict         |    17 |    23 |     5 ||    45
         Punch             |     4 |       |       ||     4
    Use: Potion            |       |     4 |     1 ||     5
         Scroll            |       |       |     5 ||     5
   Stab: Sleeping          |     5 |     7 |     1 ||    13
 Armour: Skin              |    20 |    53 |    20 ||    93
  Dodge: Dodged            |    35 |    58 |    10 ||   103
  Block: Buckler           |     7 |    16 |       ||    23
         Kite shield       |       |    19 |    12 ||    31

Table legend: (Time is in decaauts)
 A = Elapsed time spent in this place.
 B = Non-inter-level travel time spent in this place.
 C = Inter-level travel time spent in this place.
 D = Time resting spent in this place.
 E = Time spent auto-exploring this place.
 F = Levels seen in this place.
 G = Mean time per level.
                   A        B        C        D        E       F      G
               +--------+--------+--------+--------+--------+-----+--------+
         Total |   2920 |   2920 |      0 |    369 |   1314 |   4 |  730.0 |
       Dungeon |   2920 |   2920 |      0 |    369 |   1314 |   4 |  730.0 |
               +--------+--------+--------+--------+--------+-----+--------+

Top non-repeatable levels by time:
     D:1: 901 daAuts
     D:2: 889 daAuts
     D:3: 755 daAuts
     D:4: 374 daAuts
